 Dungeon Crawl Stone Soup version 0.20.0-15-g7f486f2 (webtiles) character file.

49 anfisbena the Slasher (level 3, -1/27 HPs)
             Began as a Demonspawn Gladiator on June 16, 2017.
             Slain by an orc
             ... wielding a +0 short sword
              (4 damage)
             ... on level 2 of the Dungeon.
             The game lasted 00:01:37 (2298 turns).

anfisbena the Slasher (Demonspawn Gladiator)        Turns: 2298, Time: 00:01:38

Health: -1/27      AC:  4    Str: 14    XL:     3   Next: 53%
Magic:  3/3        EV: 12    Int:  9    God:
Gold:   81         SH:  0    Dex: 15    Spells: 2/2 levels left

rFire    . . .     SeeInvis .   a - +0 long sword
rCold    + . .     Gourm    .   (no shield)
rNeg     . . .     Faith    .   m - +0 leather armour (curse)
rPois    .         Spirit   .   c - +0 helmet
rElec    .         Reflect  .   (no cloak)
rCorr    .         Harm     .   (no gloves)
MR       .....                  (no boots)
Stlth    +.........             (no amulet)
Regen    0.1/turn               (no ring)
MPRegen  0.1/turn               h - ring of protection from cold

@: no status effects
A: talons 2
a: no special abilities


You were on level 2 of the Dungeon.
You were very hungry.

You visited 1 branch of the dungeon, and saw 3 of its levels.

You collected 81 gold pieces.

Inventory:

Hand Weapons
 a - a +0 long sword (weapon)
 l - a +0 dagger of venom
Missiles
 d - 4 throwing nets (quivered)
Armour
 c - a +0 helmet (worn)
 m - a cursed +0 leather armour (worn)
Jewellery
 h - a ring of protection from cold (right hand)
Scrolls
 e - a scroll of recharging {unknown}
 g - a scroll of teleportation {unknown}
 j - a scroll of identify {unknown}
 k - 3 scrolls of blinking {unknown}
 n - a scroll of enchant armour {unknown}
 p - 2 scrolls of fog {unknown}
Potions
 b - 2 potions of magic {unknown}
 i - a potion of mutation {unknown}
Comestibles
 f - a bread ration


   Skills:
 - Level 2.0 Fighting
 + Level 4.1 Long Blades
 - Level 1.7 Throwing
 - Level 2.6 Dodging


You had 2 spell levels left.
You didn't know any spells.

Dungeon Overview and Level Annotations

Branches:
Dungeon (3/15)

Altars:
Sif Muna
Trog
The Shining One


Innate Abilities, Weirdness & Mutations

You have razor-sharp toenails.


Message History

The puff of flame hits you!
* * * LOW HITPOINT WARNING * * *
The orc wizard points at you and mumbles some strange words.
The magic dart hits you!
* * * LOW HITPOINT WARNING * * *
There is an open door here.
You close the door.
An orc wizard opens the door.
The orc wizard shouts!
The orc wizard gestures wildly while chanting.
The orc wizard flickers and vanishes!
Deactivating autopickup; reactivate with Ctrl-A.
You see here a chain mail.
There is a stone staircase leading up, spattered with blood here.
The orc closely misses you.
You climb upwards.
There is a stone staircase leading down here.
You barely miss the orc. The orc hits you but does no damage.
You hit the orc but do no damage. The orc hits you with a short sword.
You die...

..(###.##.# #.#.# #.# #..# ##.#
#.##.# #.#.###.# #..# #.###.##.#
#.......# #.+## #.##..##.#
##...#### ##...## #.##.###.#
##.....## ##.....## #.#..# #.#
##....)..####.......#
##....###.###.........##........#
................o.#....'........#
###...#########.@###.###.......##
#..## ##..#.## ##......#8 #.##
##..## ##.....## #.# ##.#
######...### #.# #.# #........###
###.# #.# #.####..#.## ....# #.#
#(##...###.# ##### #.# #.##...#
##. #.# #.##...#####


You could see an orc.

Vanquished Creatures
  An ooze (D:1)
  2 worms
  2 dart slugs (D:1)
  A leopard gecko (D:2)
  2 giant cockroaches
  A goblin (D:2)
  5 hobgoblins (D:1)
  4 kobolds
  A quokka (D:2)
  A ball python (D:2)
  8 bats
  2 frilled lizards
  5 rats
35 creatures vanquished.

Notes
Turn   | Place    | Note
-------+----------+-------------------------------------------
     0 | D:1      | anfisbena the Demonspawn Gladiator began the quest for the Orb.
     0 | D:1      | Reached XP level 1. HP: 16/16 MP: 1/1
    69 | D:1      | Reached skill level 3 in Long Blades
   249 | D:1      | Gained mutation: You have sharp toenails. [demonic ancestry]
   249 | D:1      | Reached XP level 2. HP: 22/22 MP: 2/2
  1180 | D:2      | Gained mutation: You have razor-sharp toenails. [demonic ancestry]
  1180 | D:2      | Reached XP level 3. HP: 27/27 MP: 3/3
  1497 | D:2      | Found a bloodstained altar of Trog.
  1590 | D:2      | Reached skill level 4 in Long Blades
  1896 | D:2      | Found a deep blue altar of Sif Muna.
  1897 | D:2      | Found a glowing golden altar of the Shining One.
  2282 | D:3      | HP: 1/27 [orc wizard/magic dart (2)]
  2298 | D:2      | Slain by an orc

Skill      XL: |  1  2  3 |
---------------+----------+-----
Long Blades    | 3 4 |  4.1
Fighting       | |  2.0
Throwing       | |  1.7
Dodging        | |  2.6

Action                   || total
-------------------------++-------
Melee: Long sword        ||   102
       Kick              ||    23
  Eat: Chunk             ||     3
Armor: Leather armour    ||    37
Dodge: Dodged            ||    68
       Rpst.: Long sword ||    16
